Match 45834933
Unlisted

Match 45834933
End
Royal Engineer Section
Construct Section Command Post
Selects Heavy Armor Battlegroup
Dingo Light Scout Car
Infantry Section
Dingo Light Scout Car
Selects Rigorous Vehicle Training
Infantry Section
Infantry Section
Construct Platoon Command Post
Humber Armored Car
Grenade Package
Humber Armored Car
Humber Armored Car
Humber Armored Car
Infantry Section
6-pounder Anti-tank Gun Team
Light Vehicle Training
Selects Light Vehicle Withdraw and Refit
Selects UNKNOWN (202330)
Selects Designate Targets
Selects Forward Repair Assembly
Infantry Section
Royal Engineer Section
Herr Blautier
EPHX_Valkyrion
missshhhck
свитлана
0
0

Comments sign in to comment!

No comments posted yet!